 Dungeon Crawl Stone Soup version 0.29.0-11-gd7f09526c8 (webtiles) character file.

Game seed: 5121276381940507877

611 iguanaiguana the Stinger (level 8, -2/66 HPs)
             Began as a Meteoran Venom Mage on Sept 4, 2022.
             Was a Priest of Cheibriados.
             Slain by an ogre
             ... wielding a +0 giant club
              (13 damage)
             ... on level 6 of the Dungeon.
             The game lasted 00:23:53 (1313 turns).

iguanaiguana the Stinger (Meteoran Venom Mage)      Turns: 1313, Time: 00:23:53

Health: -2/66      AC:  4    Str: 20    XL:     8   Next: 3%
Magic:  3/13       EV: 13    Int: 30    God:    Cheibriados [***...]
Gold:   174        SH:  0    Dex: 20    Spells: 2/12 levels left

rFire   . . .      SeeInvis .   c - +0 falchion (freeze)
rCold   + . .      Faith    .   (no shield)
rNeg    . . .      Spirit   .   m - +1 robe "Tyrhudgh" {rC+ Str+3 Archmagi}
rPois   .          Reflect  .   (no helmet)
rElec   .          Harm     .   (no cloak)
rCorr   .          Rampage  .   l - +0 pair of gloves
Will    +....      Archmagi +   (no boots)
Stlth   +.........              (no amulet)
HPRegen 0.21/turn               o - +6 ring of intelligence
MPRegen 0.13/turn               (no ring)

@: brilliant, glowing, very slow
A: sense surroundings 1, otherworldly, glowing, explore regen
a: Renounce Religion, Bend Time, Temporal Distortion


You were on level 6 of the Dungeon.
You worshipped Cheibriados.
Cheibriados was most pleased with you.
You visited 1 branch of the dungeon, and saw 7 of its levels.
You also visited: Ossuary.

You collected 174 gold pieces.

Inventory:

Hand Weapons
 c - a +0 falchion of freezing (weapon)
Missiles
 i - 2 throwing nets
Armour
 l - a +0 pair of gloves (worn)
 m - the +1 robe "Tyrhudgh" (worn) {rC+ Str+3 Archmagi}
   (You took it off a goblin on level 4 of the Dungeon)

   Str:       It affects your strength (+3).
   rC:        It protects you from cold.
   Archmagi:  It increases the power of your magical spells.
Jewellery
 o - a +6 ring of intelligence (left hand)
Wands
 h - a wand of polymorph (5)
Scrolls
 b - a scroll of enchant weapon {unknown}
 e - a scroll of fog {unknown}
 f - a scroll of vulnerability
 g - 2 scrolls of teleportation {@r3}
 p - a scroll of noise {unknown}
 q - a scroll of magic mapping {unknown}
Potions
 d - 2 potions of degeneration {unknown}
 k - a potion of mutation
 n - a potion of resistance {unknown}


   Skills:
 - Level 4.1 Fighting
 - Level 3.3 Long Blades
 - Level 2.4 Dodging
 - Level 1.4 Stealth
 - Level 2.6 Spellcasting
 - Level 3.4 Conjurations
 - Level 1.2 Transmutations
 - Level 3.4 Air Magic
 + Level 6.0 Poison Magic


You had 2 spell levels left.
You knew the following spells:

 Your Spells              Type           Power      Damage    Failure   Level
a - Sting                 Tmut/Pois      100%       1d8       1%          1
b - Poisonous Vapours     Pois/Air       100%       N/A       1%          2
c - Mephitic Cloud        Conj/Pois/Air  61%        N/A       3%          3
d - Olgreb's Toxic Radia  Pois           74%        N/A       6%          4

Your spell library contained the following spells:

 Spells                   Type           Power      Damage    Failure   Level
 Foxfire                  Conj/Fire      100%       2x1d9     3%          1
 Conjure Flame            Conj/Fire      32%        6-21      11%         3
 Inner Flame              Hex/Fire       9%         N/A       22%         3
 Flame Wave               Conj/Fire      32%        2d9       36%         4
 Malign Gateway           Summ/Tloc      4%         N/A       100%        7
 Summon Horrible Things   Summ           4%         N/A       100%        8


Dungeon Overview and Level Annotations

Branches:
Dungeon (7/15) Zot: 4689   Temple (0/1) D:6         Ossuary (visited)

Altars:
Cheibriados
Kikubaaqudgha


Innate Abilities, Weirdness & Mutations

You passively map a small area around you.
You are easily found by Zot.
You glow in the dark.
You regain HP and MP as you explore.


Message History

Okay, then.
Casting: Sting (safe; 1% risk of failure)
Confirm with . or Enter, or press ? or * to list all spells.
Aiming: Poisonous Vapours (safe; 1% risk of failure)
Press: ? - help, Dir - move target, f - ogre
Aim: an ogre, wielding a +0 giant club You feel a surge of power!
Poisonous vapours surround the ogre!
The ogre is poisoned.
A gnoll comes into view. It is wielding a +0 club.
The gnoll bouda barks out a call to the hunt!
An ice beast comes into view.
The white imp gestures at you. The puff of frost hits you. You resist.
* * * LOW HITPOINT WARNING * * *
Okay, then.
Casting: Poisonous Vapours (safe; 1% risk of failure)
Confirm with . or Enter, or press ? or * to list all spells.
You don't have enough magic to cast this spell.
Casting: Poisonous Vapours (safe; 1% risk of failure)
Confirm with . or Enter, or press ? or * to list all spells.
Okay, then.
Casting: Poisonous Vapours (safe; 1% risk of failure)
Confirm with . or Enter, or press ? or * to list all spells.
Okay, then.
Okay, then.
Casting: Poisonous Vapours (safe; 1% risk of failure)
Confirm with . or Enter, or press ? or * to list all spells.
Okay, then.
Okay, then.
You feel much better.
The ogre hits you with a +0 giant club!!
* * * LOW HITPOINT WARNING * * *
You hear a shout!
You feel clever all of a sudden. The white imp gestures at you.
The puff of frost hits you. You resist.
* * * LOW HITPOINT WARNING * * *
A gnoll comes into view. It is wielding a +0 club.
The ogre hits you with a +0 giant club!
You die...

..... ..* , #.
,.....g# * *.. *
#...#.### .# ,..
####.#.#Y..###.#
..
....5....#.....###
*..
,##....gg........#
, .
#................
#.....O..........
..[
#.....@..........
#..[
#................
#...
#........>.......
...#
..................
..*#
.............(....
. #.
#........#.......#
#..
####.#####..###..#
..# #. ,...# .#
.., # * ...# . #


You could see an ice beast, an ogre (very poisoned), a gnoll bouda, 2 gnolls and
a white imp.

Vanquished Creatures
  Sigmund (D:3)
  A scorpion (D:5)
  2 hounds (D:5)
  3 jellies
  Jessica (D:3)
  An iguana (D:5)
  A mummy (Ossuary)
  8 gnolls
  4 adders
  An ufetubus (D:5)
  2 orcs
  2 ball pythons (D:1)
  3 bats (D:1)
  4 bat skeletons (D:5)
  3 bat zombies (D:5)
  2 endoplasms
  2 giant cockroaches
  A goblin (D:4)
  4 hobgoblins
  2 quokkas
  3 frilled lizards (D:1)
  3 goblin zombies
  3 kobolds
  2 kobold zombies (Ossuary)
  6 rats
65 creatures vanquished.

Notes
Turn   | Place    | Note
-------+----------+-------------------------------------------
     0 | D:1      | iguanaiguana the Meteoran Venom Mage began the quest for
                  | the Orb.
     0 | D:1      | Reached XP level 1. HP: 14/14 MP: 5/5
    40 | D:1      | Reached skill level 4 in Poison Magic
    44 | D:1      | Reached XP level 2. HP: 20/20 MP: 0/6
    47 | D:1      | Learned a level 2 spell: Poisonous Vapours
    73 | D:1      | Reached skill level 1 in Air Magic
    78 | D:1      | Found a faded altar of an unknown god.
    84 | D:1      | Prayed at the altar of an unknown god.
    84 | D:1      | Became a worshipper of Cheibriados the Contemplative
    84 | D:1      | Reached * piety under Cheibriados
   203 | D:1      | Reached XP level 3. HP: 13/26 MP: 6/8
   305 | D:2      | Learned a level 3 spell: Mephitic Cloud
   331 | D:3      | Noticed Sigmund
   516 | D:3      | Noticed Jessica
   523 | D:3      | Reached skill level 1 in Conjurations
   526 | D:3      | Killed Jessica
   527 | D:3      | Reached skill level 1 in Fighting
   527 | D:3      | Reached XP level 4. HP: 34/35 MP: 1/9
   573 | D:4      | Reached ** piety under Cheibriados
   589 | D:3      | Killed Sigmund
   590 | D:3      | Reached XP level 5. HP: 46/46 MP: 0/10
   590 | D:3      | Reached XP level 6. HP: 52/52 MP: 0/11
   686 | D:4      | Identified the +1 robe "Tyrhudgh" {rC+ Str+3 Archmagi}
   777 | D:5      | Entered Level 5 of the Dungeon
   824 | D:5      | Reached XP level 7. HP: 55/59 MP: 7/12
   863 | D:5      | Reached skill level 1 in Long Blades
   873 | D:5      | Learned a level 4 spell: Olgreb's Toxic Radiance
   879 | D:5      | Reached skill level 5 in Poison Magic
   923 | D:5      | Reached skill level 6 in Poison Magic
   958 | D:5      | Found a sand-covered staircase.
   969 | Ossuary  | Entered an ossuary
   969 | Ossuary  | Noticed a wraith
   969 | Ossuary  | Noticed a wraith
   969 | Ossuary  | Noticed a wraith
  1135 | D:5      | Reached *** piety under Cheibriados
  1152 | D:5      | Found an ancient bone altar of Kikubaaqudgha.
  1240 | D:6      | Found a staircase to the Ecumenical Temple.
  1307 | D:6      | Reached XP level 8. HP: 20/66 MP: 0/13
  1313 | D:6      | Slain by an ogre

Illustrated notes

Levels and vault maps discovered:
D:1:      dpeg_arrival_short_road, layout_rooms,
          ebering_ecumenical_altar_abandoned, grunt_decor_cap,
          chequers_serial_rivers_room_a
D:2:      layout_basic, basic_altar, grunt_decor_fettered
D:3:      layout_loops_ring, minmay_cupped, uniq_jessica, uniq_robin,
          uniq_sigmund
D:4:      layout_loops_ring, minmay_circle_x
D:5:      layout_cave_pools, kennysheep_vampire_church, enter_ossuary_4,
          lemuel_flame_loot_1, uniq_crazy_yiuf_cottage
D:6:      layout_rooms, mainiacjoe_overflow_alcove_2, marbit_many_paths,
          minmay_temple_entry_waves
D:7:      layout_cave_pools, ebering_ghost_rock_garden

Skill      XL: |  1  2  3  4  5  6  7 |
---------------+----------------------+-----
Poison Magic   | 4 6 |  6.0
Air Magic      | 2 3 |  3.4
Conjurations   | 2 3 |  3.4
Fighting       | 1 4 |  4.1
Long Blades    | 3 |  3.3
Dodging        | |  2.4
Stealth        | |  1.4
Spellcasting   | |  2.6
Transmutations | |  1.2

Action                   |  1- 3 |  4- 6 |  7- 9 || total
-------------------------+-------+-------+-------++-------
Melee: Unarmed           |     9 |       |       ||     9
       Falchion          |     2 |    19 |    59 ||    80
       Punch             |       |       |     1 ||     1
 Cast: Sting             |    41 |    16 |    28 ||    85
       Poisonous Vapours |     9 |    10 |     7 ||    26
       Mephitic Cloud    |     1 |     1 |     1 ||     3
  Use: Potion            |     6 |       |     3 ||     9
       Scroll            |     3 |     2 |     1 ||     6
Armor: Skin              |    45 |     2 |     6 ||    53
       Robe              |    43 |     1 |    63 ||   107
Dodge: Dodged            |    71 |    20 |    90 ||   181
